San Jose Sharks vs St.Louis Blues
Created - Monday, May 5, 2025 at 07:43
Goals
|
| San Jose Sharks |
0 |
1 |
2 |
3 |
| St.Louis Blues |
0 |
2 |
3 |
5 |
|
Shots
|
| San Jose Sharks |
16 |
9 |
11 |
36 |
| St.Louis Blues |
16 |
13 |
12 |
41 |
|
1st period
No Goal
Penalties :
No Penalty
2nd period
1. St.Louis Blues , Jack Eichel 30 (Alex Pietrangelo 11) at 9:06
2. St.Louis Blues , Elias Pettersson 18 (Jack Eichel 32, Elias Lindholm 18) at 15:00 (PP)
3. San Jose Sharks , Jonathan Drouin 23 (Ryan Johansen 18) at 16:42 (PP)
Penalties :
Robert Thomas (STL) for Tripping (Minor) at 4:13, Sean Durzi (SJS) for Tripping (Minor) at 11:28, Sean Durzi (SJS) for Roughing (Minor) at 14:15, Dakota Joshua (STL) for Tripping (Minor) at 16:32
3rd period
4. St.Louis Blues , Robert Thomas 18 (Brandon Hagel 22) at 0:35
5. San Jose Sharks , Matthew Knies 16 (Jonathan Drouin 31, Ryan Johansen 19) at 0:41
6. St.Louis Blues , Brayden Point 23 (Robert Thomas 37) at 2:24
7. San Jose Sharks , Kevin Fiala 31 (Adam Henrique 38) at 17:26 (PP)
8. St.Louis Blues , Alex Tuch 7 (Mark Stone 24, Elias Lindholm 19) at 18:46
Penalties :
Jonathan Drouin (SJS) for Holding (Minor) at 2:27, Alex Tuch (STL) for Unsportsmanlike conduct (Minor) at 9:43, Alex Tuch (STL) for High sticking (Minor) at 17:25
Goalie Stats
Stuart Skinner (SJS), 36 saves from 41 shots - (0.878), L, 27-14-5, 60:00 minutes
Scott Wedgewood (STL), 33 saves from 36 shots - (0.917), W, 9-3-0, 60:00 minutes
Players Stats for San Jose Sharks
Player Name G A P +/- PIM S H SB GA TA FO MP PP MP PK MP
------------------------------------------------------------------------------------
Adam Henrique 0 1 1 -1 0 1 0 0 0 0 14/23 18:15 1:47 2:29
Alec Martinez 0 0 0 0 0 0 0 1 0 0 0/0 15:09 0:00 1:37
Brandon Tanev 0 0 0 -1 0 3 0 1 1 0 0/0 14:15 0:16 0:14
Christopher Tanev 0 0 0 -2 0 1 1 1 0 2 0/0 19:52 2:03 2:25
Connor Murphy 0 0 0 -1 0 0 3 2 0 1 0/0 25:54 2:06 2:05
Dmitry Orlov 0 0 0 0 0 0 0 1 0 0 0/0 14:14 0:00 0:13
Eeli Tolvanen 0 0 0 0 0 5 1 0 1 0 0/2 9:33 0:00 0:00
Ilya Mikheyev 0 0 0 0 0 2 0 0 0 1 0/0 10:21 0:16 0:00
Jonathan Drouin 1 1 2 -1 2 4 2 0 0 0 0/1 15:41 2:06 0:00
Kevin Fiala 1 0 1 -1 0 5 1 0 0 0 0/1 18:15 1:47 2:29
Marcus Pettersson 0 0 0 -1 0 4 2 1 1 0 0/0 26:36 2:06 2:18
Matthew Knies 1 0 1 -1 0 2 1 2 2 0 0/1 16:06 2:06 0:00
Max Domi 0 0 0 -1 0 2 3 0 1 0 5/11 13:26 0:00 0:00
Noel Acciari 0 0 0 0 0 0 0 0 0 0 1/4 9:33 0:00 0:00
Ryan Johansen 0 2 2 -1 0 0 3 0 0 2 18/25 18:04 2:06 2:07
Sean Durzi 0 0 0 -2 4 0 1 1 1 0 0/0 18:13 2:03 0:48
T.J. Oshie 0 0 0 -1 0 3 2 0 1 0 0/0 13:52 0:16 0:00
Yegor Sharangovich 0 0 0 -1 0 4 1 0 0 0 0/0 17:55 1:47 2:07
Players Stats for St.Louis Blues
Player Name G A P +/- PIM S H SB GA TA FO MP PP MP PK MP
------------------------------------------------------------------------------------
Alex Pietrangelo 0 1 1 1 0 1 0 3 0 1 0/0 22:23 0:00 0:00
Alex Tuch 1 0 1 1 4 4 0 0 0 1 0/0 14:24 1:42 1:00
Brandon Hagel 0 1 1 2 0 1 2 0 0 0 0/0 16:36 2:31 0:00
Brayden Point 1 0 1 2 0 4 1 0 2 0 0/0 15:48 2:08 0:00
Colton Parayko 0 0 0 1 0 3 3 1 0 2 0/0 25:08 0:00 2:24
Dakota Joshua 0 0 0 0 2 0 0 0 0 0 0/0 7:56 0:04 0:00
Elias Lindholm 0 2 2 1 0 2 1 0 0 0 7/15 15:58 2:31 2:05
Elias Pettersson 1 0 1 0 0 8 1 2 1 1 0/0 21:53 3:05 0:34
Jaccob Slavin 0 0 0 2 0 2 0 1 1 1 0/0 19:10 0:00 1:45
Jack Eichel 1 1 2 0 0 2 0 0 0 0 12/27 20:50 3:01 0:00
Jake Guentzel 0 0 0 0 0 4 0 0 0 0 0/1 20:03 2:08 0:06
Jake Sanderson 0 0 0 2 0 0 1 0 0 0 0/0 20:23 0:00 2:24
Lars Eller 0 0 0 0 0 1 0 1 0 0 2/7 9:36 0:00 1:51
Logan O'Connor 0 0 0 0 0 1 0 0 2 1 0/0 9:51 0:04 1:51
Mark Stone 0 1 1 1 0 5 0 0 0 0 0/0 13:46 2:31 0:00
Mikhail Sergachev 0 0 0 0 0 0 0 1 0 1 0/0 12:46 1:42 0:00
Nick Leddy 0 0 0 0 0 0 0 2 0 0 0/0 12:10 0:00 1:45
Robert Thomas 1 1 2 2 2 3 0 0 0 0 9/18 17:06 2:08 0:51
3 Stars
1 - Brayden Point (STL)
2 - Robert Thomas (STL)
3 - Jack Eichel (STL)
Power Play
San Jose Sharks - 2 on 4 Attempt(s) - 50.00%
St.Louis Blues - 1 on 3 Attempt(s) - 33.33%
Penalty Kill
San Jose Sharks - 2 on 3 Attempt(s) - 66.67%
- Score 0 goal in Penalty Kill
St.Louis Blues - 2 on 4 Attempt(s) - 50.00%
- Score 0 goal in Penalty Kill
Team Stat
San Jose Sharks - Hits : 21 - Faceoff Wins : 38 - Blocked Shots : 10 - Penalty Minutes : 6
St.Louis Blues - Hits : 9 - Faceoff Wins : 30 - Blocked Shots : 11 - Penalty Minutes : 8
Official
Referees : Garrett Rank and Kendrick Nicholson
Linesman : Travis Gawryletz and Jonny Murray
Game Notes
No Game Note
Finance
Level 1 -- Attendance: 6000 (100.00%) -- Ticket Income $570,000
Level 2 -- Attendance: 4597 (91.94%) -- Ticket Income $262,029
Level 3 -- Attendance: 3000 (100.00%) -- Ticket Income $99,000
Level 4 -- Attendance: 4431 (88.62%) -- Ticket Income $101,913
Luxury Box -- Attendance: 937 (93.70%) -- Ticket Income $181,778
Game was played at the Scottrade Center.
Total Attendance: 18965 (94.83%)
Total Ticket Income: $1,214,720
Other Income: $425,152
Total Income: $1,639,872
San Jose Sharks
5 vs 5 Forward
Center Left Wing Right Wing Time % Phy DF OF
1 Adam Henrique Kevin Fiala Yegor Sharangovich 30 1 2 2
2 Ryan Johansen Matthew Knies Jonathan Drouin 30 1 2 2
3 Max Domi Brandon Tanev T.J. Oshie 25 1 2 2
4 Noel Acciari Eeli Tolvanen Ilya Mikheyev 15 1 2 2
5 vs 5 Defense
Defense Defense Time % Phy DF OF
1 Marcus Pettersson Connor Murphy 30 1 2 2
2 Christopher Tanev Sean Durzi 30 1 2 2
3 Dmitry Orlov Alec Martinez 25 1 2 2
4 Marcus Pettersson Connor Murphy 15 1 2 2
PowerPlay Forward
Center Left Wing Right Wing Time % Phy DF OF
1 Adam Henrique Kevin Fiala Yegor Sharangovich 50 1 2 2
2 Ryan Johansen Matthew Knies Jonathan Drouin 50 1 2 2
PowerPlay Defense
Defense Defense Time % Phy DF OF
1 Marcus Pettersson Connor Murphy 50 1 2 2
2 Christopher Tanev Sean Durzi 50 1 2 2
Penalty Kill 4 Players Forward
Center Wing Time % Phy DF OF
1 Adam Henrique Kevin Fiala 50 1 2 2
2 Ryan Johansen Yegor Sharangovich 50 1 2 2
Penalty Kill 4 Players Defense
Defense Defense Time % Phy DF OF
1 Marcus Pettersson Connor Murphy 50 1 2 2
2 Christopher Tanev Sean Durzi 50 1 2 2
Penalty Kill - 3 Players Forward
Forward Time % Phy DF OF
1 Adam Henrique 50 1 2 2
2 Noel Acciari 50 1 2 2
Penalty Kill - 3 Players Defense
Defense Defense Time % Phy DF OF
1 Marcus Pettersson Connor Murphy 50 1 2 2
2 Christopher Tanev Sean Durzi 50 1 2 2
4 vs 4 Forward
Center Wing Time % Phy DF OF
1 Adam Henrique Kevin Fiala 50 1 2 2
2 Ryan Johansen Yegor Sharangovich 50 1 2 2
4 vs 4 Defense
Defense Defense Time % Phy DF OF
1 Marcus Pettersson Connor Murphy 50 1 2 2
2 Christopher Tanev Sean Durzi 50 1 2 2
Last Minutes Offensive
Center Left Wing Right Wing Defense Defense
Adam Henrique Kevin Fiala Yegor Sharangovich Marcus Pettersson Connor Murphy
Last Minutes Defensive
Center Left Wing Right Wing Defense Defense
Adam Henrique Kevin Fiala Yegor Sharangovich Marcus Pettersson Connor Murphy
Goaltenders
Starting : Stuart Skinner
Backup : Tristan Jarry
Extra Forwards
Normal : Ilya Mikheyev, Ryan Johansen, Brandon Tanev - PP : Ilya Mikheyev, Ryan Johansen - PK : Brandon Tanev
Extra Defensemen
Normal : Dmitry Orlov, Alec Martinez, Christopher Tanev - PP : Dmitry Orlov - PK : Alec Martinez, Christopher Tanev
Penalty Shots
Adam Henrique, Kevin Fiala, Yegor Sharangovich, Jonathan Drouin, T.J. Oshie
Scratches
Kasperi Kapanen (Healthy), Calle Jarnkrok (Healthy), Nick Perbix (Healthy), Clay Stevenson (Healthy)
St.Louis Blues
5 vs 5 Forward
Center Left Wing Right Wing Time % Phy DF OF
1 Jack Eichel Elias Pettersson Jake Guentzel 40 0 2 3
2 Robert Thomas Brandon Hagel Brayden Point 31 0 2 3
3 Elias Lindholm Alex Tuch Mark Stone 22 0 3 2
4 Lars Eller Dakota Joshua Logan O'Connor 7 1 2 2
5 vs 5 Defense
Defense Defense Time % Phy DF OF
1 Colton Parayko Alex Pietrangelo 45 1 2 2
2 Jake Sanderson Jaccob Slavin 35 1 2 2
3 Mikhail Sergachev Nick Leddy 20 1 2 2
4 Colton Parayko Alex Pietrangelo 0 1 2 2
PowerPlay Forward
Center Left Wing Right Wing Time % Phy DF OF
1 Robert Thomas Brayden Point Jake Guentzel 60 1 0 4
2 Elias Lindholm Brandon Hagel Mark Stone 40 1 0 4
PowerPlay Defense
Defense Defense Time % Phy DF OF
1 Jack Eichel Elias Pettersson 60 0 1 4
2 Alex Tuch Mikhail Sergachev 40 0 1 4
Penalty Kill 4 Players Forward
Center Wing Time % Phy DF OF
1 Lars Eller Logan O'Connor 50 1 4 0
2 Elias Lindholm Alex Tuch 50 1 4 0
Penalty Kill 4 Players Defense
Defense Defense Time % Phy DF OF
1 Jake Sanderson Colton Parayko 50 1 4 0
2 Jaccob Slavin Nick Leddy 50 1 4 0
Penalty Kill - 3 Players Forward
Forward Time % Phy DF OF
1 Elias Lindholm 50 0 5 0
2 Lars Eller 50 0 5 0
Penalty Kill - 3 Players Defense
Defense Defense Time % Phy DF OF
1 Jake Sanderson Colton Parayko 50 0 5 0
2 Nick Leddy Alex Pietrangelo 50 0 5 0
4 vs 4 Forward
Center Wing Time % Phy DF OF
1 Jack Eichel Jake Guentzel 50 0 2 3
2 Robert Thomas Brayden Point 50 0 2 3
4 vs 4 Defense
Defense Defense Time % Phy DF OF
1 Jake Sanderson Alex Pietrangelo 50 0 3 2
2 Colton Parayko Mikhail Sergachev 50 0 3 2
Last Minutes Offensive
Center Left Wing Right Wing Defense Defense
Robert Thomas Elias Pettersson Jake Guentzel Brayden Point Jack Eichel
Last Minutes Defensive
Center Left Wing Right Wing Defense Defense
Elias Lindholm Logan O'Connor Robert Thomas Jake Sanderson Colton Parayko
Goaltenders
Starting : Scott Wedgewood
Backup : Connor Hellebuyck
Extra Forwards
Normal : Brandon Hagel, Mark Stone, Alex Tuch - PP : Brandon Hagel, Dakota Joshua - PK : Robert Thomas
Extra Defensemen
Normal : Jake Sanderson, Mikhail Sergachev, Colton Parayko - PP : Mikhail Sergachev - PK : Jaccob Slavin, Nick Leddy
Penalty Shots
Elias Pettersson, Jack Eichel, Alex Tuch, Jake Guentzel, Brayden Point
Scratches
Jack Roslovic (Healthy), Adam Pelech (Healthy)
% Time on Ice - San Jose Sharks
Lines # - Real PCT - Wanted PCT - Time Play
Normal Forward
1 - 29% - 30% - 14:38
2 - 26% - 30% - 13:31
3 - 26% - 25% - 13:26
4 - 19% - 15% - 9:33
Normal Defense
1 - 31% - 30% - 15:50
2 - 31% - 30% - 15:53
3 - 26% - 25% - 13:32
4 - 12% - 15% - 5:53
PP Forward
1 - 49% - 50% - 2:03
2 - 51% - 50% - 2:06
PP Defense
1 - 51% - 50% - 2:06
2 - 49% - 50% - 2:03
PK Forward
1 - 53% - 50% - 2:29
2 - 47% - 50% - 2:14
PK Defense
1 - 44% - 50% - 2:05
2 - 56% - 50% - 2:38
PK3 Forward
1 - 0% - 50%
2 - 0% - 50%
PK3 Defense
1 - 0% - 50%
2 - 0% - 50%
44 Forward
1 - 0% - 50%
2 - 0% - 50%
44 Defense
1 - 0% - 50%
2 - 0% - 50%
Last Minute Offensive - 0:00
Last Minute Defensive - 0:00
Total
Forward - 60:00
Defense - 60:00
|
% Time on Ice - St.Louis Blues
Lines # - Real PCT - Wanted PCT - Time Play
Normal Forward
1 - 36% - 40% - 18:24
2 - 27% - 31% - 13:54
3 - 22% - 22% - 11:05
4 - 15% - 7% - 7:45
Normal Defense
1 - 46% - 45% - 23:19
2 - 34% - 35% - 17:33
3 - 20% - 20% - 10:16
4 - 0% - 0% - 0:00
PP Forward
1 - 47% - 60% - 2:12
2 - 53% - 40% - 2:31
PP Defense
1 - 64% - 60% - 3:01
2 - 36% - 40% - 1:42
PK Forward
1 - 45% - 50% - 1:53
2 - 55% - 50% - 2:16
PK Defense
1 - 58% - 50% - 2:24
2 - 42% - 50% - 1:45
PK3 Forward
1 - 0% - 50%
2 - 0% - 50%
PK3 Defense
1 - 0% - 50%
2 - 0% - 50%
44 Forward
1 - 0% - 50%
2 - 0% - 50%
44 Defense
1 - 0% - 50%
2 - 0% - 50%
Last Minute Offensive - 0:00
Last Minute Defensive - 0:00
Total
Forward - 60:00
Defense - 60:00
|
Play-by-Play
1st period
0:01 of 1st period - Adam Henrique wins face-off versus Jack Eichel in neutral zone.
0:04 of 1st period - Jack Eichel is hit by Connor Murphy and loses puck.
0:24 of 1st period - Icing by Connor Murphy.
0:25 of 1st period - Robert Thomas wins face-off versus Matthew Knies in San Jose Sharks zone.
0:42 of 1st period - Slapshot by Brayden Point.
0:42 of 1st period - Shot Misses the Net.
1:00 of 1st period - Wrist shot by Brandon Tanev.
1:00 of 1st period - Shot Misses the Net.
2:49 of 1st period - Snap shot by Jack Eichel.
2:49 of 1st period - Shot Blocked by Alec Martinez.
2:55 of 1st period - Backhand shot by Elias Pettersson.
2:55 of 1st period - Shot Misses the Net.
3:18 of 1st period - Snap shot by Yegor Sharangovich.
3:18 of 1st period - Stopped by Scott Wedgewood without a rebound.
3:19 of 1st period - Robert Thomas wins face-off versus Ryan Johansen in St.Louis Blues zone.
3:30 of 1st period - Snap shot by Robert Thomas.
3:30 of 1st period - Stopped by Stuart Skinner with a rebound.
3:36 of 1st period - Wrist shot by Brayden Point.
3:36 of 1st period - Shot Misses the Net.
3:46 of 1st period - Elias Pettersson is hit by Marcus Pettersson and loses puck.
4:14 of 1st period - Brandon Tanev is hit by Colton Parayko and loses puck.
4:53 of 1st period - Wrist shot by Brayden Point.
4:53 of 1st period - Shot Misses the Net.
4:55 of 1st period - Wrist shot by Brandon Hagel.
4:55 of 1st period - Stopped by Stuart Skinner without a rebound.
4:56 of 1st period - Jack Eichel wins face-off versus Adam Henrique in San Jose Sharks zone.
5:01 of 1st period - Backhand shot by Jack Eichel.
5:01 of 1st period - Deflect By Elias Pettersson.
5:01 of 1st period - Stopped by Stuart Skinner without a rebound.
5:02 of 1st period - Adam Henrique wins face-off versus Jack Eichel in San Jose Sharks zone.
5:28 of 1st period - Off-side.
5:29 of 1st period - Ryan Johansen wins face-off versus Robert Thomas in neutral zone.
5:34 of 1st period - Wrist shot by Jonathan Drouin.
5:34 of 1st period - Stopped by Scott Wedgewood without a rebound.
5:35 of 1st period - Robert Thomas wins face-off versus Ryan Johansen in St.Louis Blues zone.
6:14 of 1st period - Snap shot by Max Domi.
6:14 of 1st period - Stopped by Scott Wedgewood with a rebound.
6:49 of 1st period - Wrist shot by Lars Eller.
6:49 of 1st period - Shot Blocked by Dmitry Orlov.
6:51 of 1st period - Wrist shot by Logan O'Connor.
6:51 of 1st period - Shot Misses the Net.
7:51 of 1st period - Wrist shot by Eeli Tolvanen.
7:51 of 1st period - Stopped by Scott Wedgewood with a rebound.
8:22 of 1st period - Snap shot by Robert Thomas.
8:22 of 1st period - Shot Misses the Net.
9:13 of 1st period - Snap shot by Eeli Tolvanen.
9:13 of 1st period - Stopped by Scott Wedgewood with a rebound.
9:15 of 1st period - Slapshot by Noel Acciari.
9:15 of 1st period - Shot Blocked by Jaccob Slavin.
9:27 of 1st period - Marcus Pettersson is hit by Brayden Point and loses puck.
9:34 of 1st period - Snap shot by Robert Thomas.
9:34 of 1st period - Shot Misses the Net.
9:36 of 1st period - Wrist shot by Brayden Point.
9:36 of 1st period - Deflect By Marcus Pettersson.
9:36 of 1st period - Shot Hit the Post.
9:36 of 1st period - Puck is out of play.
9:37 of 1st period - Ryan Johansen wins face-off versus Elias Lindholm in San Jose Sharks zone.
9:42 of 1st period - Elias Lindholm is hit by Matthew Knies and loses puck.
10:08 of 1st period - Icing by Brandon Tanev.
10:09 of 1st period - Robert Thomas wins face-off versus Max Domi in San Jose Sharks zone.
10:10 of 1st period - Snap shot by Brayden Point.
10:10 of 1st period - Shot Misses the Net.
10:16 of 1st period - Wrist shot by Brayden Point.
10:16 of 1st period - Stopped by Stuart Skinner without a rebound.
10:17 of 1st period - Adam Henrique wins face-off versus Jack Eichel in San Jose Sharks zone.
10:22 of 1st period - Colton Parayko is hit by Sean Durzi and loses puck.
10:29 of 1st period - Wrist shot by Elias Pettersson.
10:29 of 1st period - Stopped by Stuart Skinner without a rebound.
10:30 of 1st period - Max Domi wins face-off versus Jack Eichel in San Jose Sharks zone.
10:36 of 1st period - Icing by Connor Murphy.
10:37 of 1st period - Jack Eichel wins face-off versus Max Domi in San Jose Sharks zone.
10:38 of 1st period - Snap shot by Jake Guentzel.
10:38 of 1st period - Stopped by Stuart Skinner without a rebound.
10:39 of 1st period - Jack Eichel wins face-off versus Max Domi in San Jose Sharks zone.
11:08 of 1st period - Slapshot by Elias Pettersson.
11:08 of 1st period - Stopped by Stuart Skinner with a rebound.
11:14 of 1st period - Colton Parayko is hit by Marcus Pettersson and loses puck.
11:21 of 1st period - Snap shot by Max Domi.
11:21 of 1st period - Shot Blocked by Alex Pietrangelo.
11:23 of 1st period - Slapshot by Brandon Tanev.
11:23 of 1st period - Stopped by Scott Wedgewood with a rebound.
11:25 of 1st period - Wrist shot by Brandon Tanev.
11:25 of 1st period - Stopped by Scott Wedgewood with a rebound.
11:27 of 1st period - Snap shot by T.J. Oshie.
11:27 of 1st period - Shot Misses the Net.
11:29 of 1st period - Wrist shot by T.J. Oshie.
11:29 of 1st period - Stopped by Scott Wedgewood with a rebound.
11:31 of 1st period - Wrist shot by Brandon Tanev.
11:31 of 1st period - Shot Misses the Net.
11:33 of 1st period - Wrist shot by T.J. Oshie.
11:33 of 1st period - Stopped by Scott Wedgewood with a rebound.
11:35 of 1st period - Wrist shot by Max Domi.
11:35 of 1st period - Shot Misses the Net.
11:39 of 1st period - Snap shot by Max Domi.
11:39 of 1st period - Shot Misses the Net.
11:41 of 1st period - Slapshot by Marcus Pettersson.
11:41 of 1st period - Stopped by Scott Wedgewood without a rebound.
11:42 of 1st period - Ryan Johansen wins face-off versus Robert Thomas in St.Louis Blues zone.
11:56 of 1st period - Wrist shot by Robert Thomas.
11:56 of 1st period - Stopped by Stuart Skinner without a rebound.
11:57 of 1st period - Adam Henrique wins face-off versus Elias Lindholm in San Jose Sharks zone.
12:23 of 1st period - Brayden Point is hit by Jonathan Drouin and loses puck.
13:24 of 1st period - Slapshot by Jake Guentzel.
13:24 of 1st period - Stopped by Stuart Skinner without a rebound.
13:25 of 1st period - Elias Lindholm wins face-off versus Adam Henrique in San Jose Sharks zone.
13:28 of 1st period - Wrist shot by Alex Tuch.
13:28 of 1st period - Deflect By Mark Stone.
13:28 of 1st period - Stopped by Stuart Skinner without a rebound.
13:29 of 1st period - Elias Lindholm wins face-off versus Ryan Johansen in San Jose Sharks zone.
13:32 of 1st period - Snap shot by Alex Tuch.
13:32 of 1st period - Shot Blocked by Connor Murphy.
13:53 of 1st period - Off-side.
13:54 of 1st period - Adam Henrique wins face-off versus Robert Thomas in neutral zone.
14:04 of 1st period - Icing by Sean Durzi.
14:05 of 1st period - Adam Henrique wins face-off versus Jack Eichel in San Jose Sharks zone.
14:12 of 1st period - Slapshot by Yegor Sharangovich.
14:12 of 1st period - Shot Blocked by Elias Pettersson.
14:20 of 1st period - Alex Pietrangelo is hit by Christopher Tanev and loses puck.
14:31 of 1st period - Slapshot by Kevin Fiala.
14:31 of 1st period - Stopped by Scott Wedgewood with a rebound.
15:43 of 1st period - Wrist shot by Kevin Fiala.
15:43 of 1st period - Stopped by Scott Wedgewood without a rebound.
15:44 of 1st period - Ryan Johansen wins face-off versus Robert Thomas in St.Louis Blues zone.
15:49 of 1st period - Wrist shot by Matthew Knies.
15:49 of 1st period - Stopped by Scott Wedgewood with a rebound.
15:58 of 1st period - Off-side.
15:59 of 1st period - Elias Lindholm wins face-off versus Eeli Tolvanen in neutral zone.
16:08 of 1st period - Snap shot by Alex Tuch.
16:08 of 1st period - Shot Blocked by Marcus Pettersson.
16:10 of 1st period - Wrist shot by Alex Tuch.
16:10 of 1st period - Stopped by Stuart Skinner with a rebound.
16:24 of 1st period - Brandon Hagel is hit by Ryan Johansen and loses puck.
17:33 of 1st period - Snap shot by Brayden Point.
17:33 of 1st period - Deflect By Robert Thomas.
17:33 of 1st period - Shot Misses the Net.
17:33 of 1st period - Puck is out of play.
17:34 of 1st period - Max Domi wins face-off versus Lars Eller in San Jose Sharks zone.
17:47 of 1st period - Connor Murphy is hit by Colton Parayko.
18:24 of 1st period - Snap shot by Ilya Mikheyev.
18:24 of 1st period - Stopped by Scott Wedgewood with a rebound.
18:26 of 1st period - Snap shot by Marcus Pettersson.
18:26 of 1st period - Stopped by Scott Wedgewood without a rebound.
18:27 of 1st period - Robert Thomas wins face-off versus Eeli Tolvanen in St.Louis Blues zone.
18:50 of 1st period - Slapshot by Eeli Tolvanen.
18:50 of 1st period - Shot Misses the Net.
19:00 of 1st period - Wrist shot by Ilya Mikheyev.
19:00 of 1st period - Deflect By Eeli Tolvanen.
19:00 of 1st period - Stopped by Scott Wedgewood without a rebound.
19:01 of 1st period - Ryan Johansen wins face-off versus Jack Eichel in St.Louis Blues zone.
19:08 of 1st period - Wrist shot by Elias Pettersson.
19:08 of 1st period - Stopped by Stuart Skinner with a rebound.
19:10 of 1st period - Wrist shot by Elias Pettersson.
19:10 of 1st period - Shot Misses the Net.
19:12 of 1st period - Wrist shot by Jake Guentzel.
19:12 of 1st period - Shot Blocked by Matthew Knies.
19:14 of 1st period - Snap shot by Jake Guentzel.
19:14 of 1st period - Stopped by Stuart Skinner with a rebound.
19:16 of 1st period - Slapshot by Colton Parayko.
19:16 of 1st period - Deflect By Jonathan Drouin.
19:16 of 1st period - Stopped by Stuart Skinner with a rebound.
19:18 of 1st period - Wrist shot by Colton Parayko.
19:18 of 1st period - Stopped by Stuart Skinner with a rebound.
19:38 of 1st period - Slapshot by Mark Stone.
19:38 of 1st period - Stopped by Stuart Skinner with a rebound.
Goals for this period are 0 for San Jose Sharks vs 0 for St.Louis Blues.
Shots for this period are 16 for San Jose Sharks vs 16 for St.Louis Blues.
2nd period
0:01 of 2nd period - Jack Eichel wins face-off versus Ryan Johansen in neutral zone.
0:14 of 2nd period - Snap shot by Jake Guentzel.
0:14 of 2nd period - Shot Misses the Net.
0:26 of 2nd period - Brandon Tanev is hit by Brandon Hagel and loses puck.
0:54 of 2nd period - Icing by Alex Tuch.
0:55 of 2nd period - Ryan Johansen wins face-off versus Elias Lindholm in St.Louis Blues zone.
1:15 of 2nd period - Wrist shot by Mark Stone.
1:15 of 2nd period - Stopped by Stuart Skinner without a rebound.
1:16 of 2nd period - Jack Eichel wins face-off versus Adam Henrique in San Jose Sharks zone.
1:33 of 2nd period - Slapshot by Elias Pettersson.
1:33 of 2nd period - Stopped by Stuart Skinner without a rebound.
1:34 of 2nd period - Ryan Johansen wins face-off versus Robert Thomas in San Jose Sharks zone.
2:12 of 2nd period - Wrist shot by Jake Guentzel.
2:12 of 2nd period - Shot Misses the Net.
2:55 of 2nd period - Slapshot by Ilya Mikheyev.
2:55 of 2nd period - Stopped by Scott Wedgewood with a rebound.
2:57 of 2nd period - Snap shot by Ilya Mikheyev.
2:57 of 2nd period - Shot Blocked by Lars Eller.
3:16 of 2nd period - Snap shot by Jonathan Drouin.
3:16 of 2nd period - Stopped by Scott Wedgewood without a rebound.
3:17 of 2nd period - Jack Eichel wins face-off versus Max Domi in St.Louis Blues zone.
3:22 of 2nd period - Marcus Pettersson is hit by Elias Pettersson and loses puck.
3:59 of 2nd period - Slapshot by Elias Lindholm.
3:59 of 2nd period - Stopped by Stuart Skinner with a rebound.
4:08 of 2nd period - Icing by Connor Murphy.
4:09 of 2nd period - Max Domi wins face-off versus Robert Thomas in San Jose Sharks zone.
4:13 of 2nd period - Minor Penalty to Robert Thomas for Tripping.
4:14 of 2nd period - Lars Eller wins face-off versus Adam Henrique in St.Louis Blues zone.
4:14 of 2nd period - Lars Eller is hit by Yegor Sharangovich.
5:21 of 2nd period - Marcus Pettersson is hit by Jake Sanderson and loses puck.
6:13 of 2nd period - Penalty to Robert Thomas is over, Robert Thomas is back on ice.
6:40 of 2nd period - Jaccob Slavin is hit by Max Domi and loses puck.
8:44 of 2nd period - Snap shot by Ilya Mikheyev.
8:44 of 2nd period - Shot Misses the Net.
8:46 of 2nd period - Snap shot by Noel Acciari.
8:46 of 2nd period - Deflect By Eeli Tolvanen.
8:46 of 2nd period - Deflect By Jack Eichel.
8:46 of 2nd period - Shot Misses the Net.
8:46 of 2nd period - Puck is out of play.
8:47 of 2nd period - Adam Henrique wins face-off versus Jake Guentzel in St.Louis Blues zone.
8:54 of 2nd period - Wrist shot by Adam Henrique.
8:54 of 2nd period - Shot Misses the Net.
8:56 of 2nd period - Wrist shot by Kevin Fiala.
8:56 of 2nd period - Stopped by Scott Wedgewood with a rebound.
8:58 of 2nd period - Backhand shot by Kevin Fiala.
8:58 of 2nd period - Stopped by Scott Wedgewood without a rebound.
8:59 of 2nd period - Jack Eichel wins face-off versus Jonathan Drouin in St.Louis Blues zone.
9:06 of 2nd period - Wrist shot by Jack Eichel.
9:06 of 2nd period - Goal by Jack Eichel - San Jose Sharks : 0 - St.Louis Blues : 1.
9:07 of 2nd period - Adam Henrique wins face-off versus Jack Eichel in neutral zone.
9:10 of 2nd period - Jake Guentzel is hit by Connor Murphy and loses puck.
9:33 of 2nd period - Brayden Point is hit by Ryan Johansen and loses puck.
10:00 of 2nd period - Christopher Tanev is hit by Colton Parayko and loses puck.
10:14 of 2nd period - Off-side.
10:15 of 2nd period - Jack Eichel wins face-off versus Noel Acciari in neutral zone.
10:30 of 2nd period - Snap shot by Elias Pettersson.
10:30 of 2nd period - Shot Misses the Net.
11:11 of 2nd period - Off-side.
11:12 of 2nd period - Ryan Johansen wins face-off versus Lars Eller in neutral zone.
11:28 of 2nd period - Minor Penalty to Sean Durzi for Tripping.
11:29 of 2nd period - Robert Thomas wins face-off versus Adam Henrique in San Jose Sharks zone.
11:29 of 2nd period - Snap shot by Jake Guentzel.
11:29 of 2nd period - Shot Misses the Net.
11:31 of 2nd period - Wrist shot by Robert Thomas.
11:31 of 2nd period - Deflect By Brayden Point.
11:31 of 2nd period - Stopped by Stuart Skinner with a rebound.
11:33 of 2nd period - Snap shot by Jack Eichel.
11:33 of 2nd period - Shot Misses the Net.
11:35 of 2nd period - Slapshot by Jack Eichel.
11:35 of 2nd period - Shot Blocked by Connor Murphy.
11:37 of 2nd period - Wrist shot by Jake Guentzel.
11:37 of 2nd period - Shot Misses the Net.
12:33 of 2nd period - Yegor Sharangovich is hit by Elias Lindholm and loses puck.
13:28 of 2nd period - Penalty to Sean Durzi is over, Sean Durzi is back on ice.
14:15 of 2nd period - Minor Penalty to Sean Durzi for Roughing.
14:16 of 2nd period - Adam Henrique wins face-off versus Elias Lindholm in San Jose Sharks zone.
14:24 of 2nd period - Snap shot by Brandon Hagel.
14:24 of 2nd period - Deflect By Adam Henrique.
14:24 of 2nd period - Shot Misses the Net.
14:24 of 2nd period - Puck is out of play.
14:25 of 2nd period - Adam Henrique wins face-off versus Elias Lindholm in San Jose Sharks zone.
14:58 of 2nd period - Slapshot by Elias Pettersson.
14:58 of 2nd period - Stopped by Stuart Skinner with a rebound.
15:00 of 2nd period - Slapshot by Elias Pettersson.
15:00 of 2nd period - Goal by Elias Pettersson - San Jose Sharks : 0 - St.Louis Blues : 2.
15:01 of 2nd period - Jack Eichel wins face-off versus Kevin Fiala in neutral zone.
15:10 of 2nd period - Wrist shot by Kevin Fiala.
15:10 of 2nd period - Shot Blocked by Elias Pettersson.
15:12 of 2nd period - Wrist shot by Yegor Sharangovich.
15:12 of 2nd period - Stopped by Scott Wedgewood with a rebound.
15:14 of 2nd period - Wrist shot by Kevin Fiala.
15:14 of 2nd period - Shot Misses the Net.
16:10 of 2nd period - Slapshot by Sean Durzi.
16:10 of 2nd period - Deflect By Eeli Tolvanen.
16:10 of 2nd period - Stopped by Scott Wedgewood without a rebound.
16:11 of 2nd period - Noel Acciari wins face-off versus Lars Eller in St.Louis Blues zone.
16:20 of 2nd period - Wrist shot by Eeli Tolvanen.
16:20 of 2nd period - Shot Misses the Net.
16:22 of 2nd period - Wrist shot by Ilya Mikheyev.
16:22 of 2nd period - Shot Misses the Net.
16:32 of 2nd period - Minor Penalty to Dakota Joshua for Tripping.
16:33 of 2nd period - Ryan Johansen wins face-off versus Lars Eller in St.Louis Blues zone.
16:36 of 2nd period - Snap shot by Jonathan Drouin.
16:36 of 2nd period - Shot Blocked by Nick Leddy.
16:38 of 2nd period - Slapshot by Jonathan Drouin.
16:38 of 2nd period - Shot Blocked by Nick Leddy.
16:42 of 2nd period - Wrist shot by Jonathan Drouin.
16:42 of 2nd period - Goal by Jonathan Drouin - San Jose Sharks : 1 - St.Louis Blues : 2.
16:43 of 2nd period - Adam Henrique wins face-off versus Jack Eichel in neutral zone.
17:01 of 2nd period - Icing by Jake Sanderson.
17:02 of 2nd period - Jack Eichel wins face-off versus Ryan Johansen in St.Louis Blues zone.
17:02 of 2nd period - Jack Eichel is hit by Jonathan Drouin.
17:51 of 2nd period - Slapshot by Max Domi.
17:51 of 2nd period - Stopped by Scott Wedgewood with a rebound.
17:57 of 2nd period - Wrist shot by Brandon Tanev.
17:57 of 2nd period - Deflect By T.J. Oshie.
17:57 of 2nd period - Stopped by Scott Wedgewood with a rebound.
17:59 of 2nd period - Slapshot by Marcus Pettersson.
17:59 of 2nd period - Shot Misses the Net.
18:11 of 2nd period - Slapshot by Lars Eller.
18:11 of 2nd period - Stopped by Stuart Skinner with a rebound.
18:13 of 2nd period - Slapshot by Logan O'Connor.
18:13 of 2nd period - Stopped by Stuart Skinner without a rebound.
18:14 of 2nd period - Lars Eller wins face-off versus Adam Henrique in San Jose Sharks zone.
18:25 of 2nd period - Snap shot by Dakota Joshua.
18:25 of 2nd period - Shot Misses the Net.
18:29 of 2nd period - Snap shot by Lars Eller.
18:29 of 2nd period - Shot Blocked by Christopher Tanev.
18:44 of 2nd period - Slapshot by Elias Pettersson.
18:44 of 2nd period - Shot Misses the Net.
18:46 of 2nd period - Wrist shot by Alex Pietrangelo.
18:46 of 2nd period - Stopped by Stuart Skinner with a rebound.
18:48 of 2nd period - Wrist shot by Colton Parayko.
18:48 of 2nd period - Stopped by Stuart Skinner with a rebound.
19:24 of 2nd period - Wrist shot by Mark Stone.
19:24 of 2nd period - Stopped by Stuart Skinner without a rebound.
19:25 of 2nd period - Elias Lindholm wins face-off versus Noel Acciari in San Jose Sharks zone.
19:26 of 2nd period - Snap shot by Mark Stone.
19:26 of 2nd period - Stopped by Stuart Skinner with a rebound.
Goals for this period are 1 for San Jose Sharks vs 2 for St.Louis Blues.
Shots for this period are 9 for San Jose Sharks vs 13 for St.Louis Blues.
3rd period
0:01 of 3rd period - Ryan Johansen wins face-off versus Jack Eichel in neutral zone.
0:14 of 3rd period - Wrist shot by Jake Guentzel.
0:14 of 3rd period - Shot Misses the Net.
0:29 of 3rd period - Icing by Colton Parayko.
0:30 of 3rd period - Robert Thomas wins face-off versus Adam Henrique in St.Louis Blues zone.
0:35 of 3rd period - Backhand shot by Robert Thomas.
0:35 of 3rd period - Goal by Robert Thomas - San Jose Sharks : 1 - St.Louis Blues : 3.
0:36 of 3rd period - Ryan Johansen wins face-off versus Jack Eichel in neutral zone.
0:39 of 3rd period - Wrist shot by Jonathan Drouin.
0:39 of 3rd period - Shot Misses the Net.
0:41 of 3rd period - Snap shot by Matthew Knies.
0:41 of 3rd period - Goal by Matthew Knies - San Jose Sharks : 2 - St.Louis Blues : 3.
0:42 of 3rd period - Adam Henrique wins face-off versus Jack Eichel in neutral zone.
1:07 of 3rd period - Alex Pietrangelo is hit by Connor Murphy and loses puck.
1:11 of 3rd period - Icing by Robert Thomas.
1:12 of 3rd period - Ryan Johansen wins face-off versus Robert Thomas in St.Louis Blues zone.
1:33 of 3rd period - Wrist shot by Robert Thomas.
1:33 of 3rd period - Deflect By Brayden Point.
1:33 of 3rd period - Stopped by Stuart Skinner with a rebound.
1:41 of 3rd period - Wrist shot by Brandon Hagel.
1:41 of 3rd period - Deflect By Robert Thomas.
1:41 of 3rd period - Shot Misses the Net.
1:41 of 3rd period - Puck is out of play.
1:42 of 3rd period - Jack Eichel wins face-off versus Adam Henrique in San Jose Sharks zone.
1:51 of 3rd period - Snap shot by Kevin Fiala.
1:51 of 3rd period - Shot Misses the Net.
1:53 of 3rd period - Slapshot by Marcus Pettersson.
1:53 of 3rd period - Stopped by Scott Wedgewood with a rebound.
1:55 of 3rd period - Snap shot by Yegor Sharangovich.
1:55 of 3rd period - Stopped by Scott Wedgewood with a rebound.
1:57 of 3rd period - Slapshot by Connor Murphy.
1:57 of 3rd period - Deflect By Yegor Sharangovich.
1:57 of 3rd period - Stopped by Scott Wedgewood with a rebound.
2:07 of 3rd period - Alex Pietrangelo is hit by Max Domi and loses puck.
2:18 of 3rd period - Wrist shot by Elias Pettersson.
2:18 of 3rd period - Stopped by Stuart Skinner with a rebound.
2:20 of 3rd period - Slapshot by Alex Pietrangelo.
2:20 of 3rd period - Shot Blocked by Sean Durzi.
2:22 of 3rd period - Wrist shot by Jack Eichel.
2:22 of 3rd period - Stopped by Stuart Skinner without a rebound.
2:23 of 3rd period - Robert Thomas wins face-off versus Ryan Johansen in San Jose Sharks zone.
2:24 of 3rd period - Wrist shot by Brayden Point.
2:24 of 3rd period - Goal by Brayden Point - San Jose Sharks : 2 - St.Louis Blues : 4.
2:25 of 3rd period - Ryan Johansen wins face-off versus Jack Eichel in neutral zone.
2:27 of 3rd period - Minor Penalty to Jonathan Drouin for Holding.
2:28 of 3rd period - Robert Thomas wins face-off versus Ryan Johansen in San Jose Sharks zone.
3:12 of 3rd period - Snap shot by Elias Lindholm.
3:12 of 3rd period - Stopped by Stuart Skinner with a rebound.
3:38 of 3rd period - Christopher Tanev is hit by Brandon Hagel and loses puck.
4:27 of 3rd period - Penalty to Jonathan Drouin is over, Jonathan Drouin is back on ice.
4:39 of 3rd period - Snap shot by Brandon Tanev.
4:39 of 3rd period - Stopped by Scott Wedgewood with a rebound.
5:04 of 3rd period - Alex Tuch is hit by Eeli Tolvanen and loses puck.
7:13 of 3rd period - Brandon Hagel is hit by Max Domi and loses puck.
7:47 of 3rd period - Snap shot by Adam Henrique.
7:47 of 3rd period - Stopped by Scott Wedgewood with a rebound.
8:24 of 3rd period - Slapshot by Alex Tuch.
8:24 of 3rd period - Stopped by Stuart Skinner with a rebound.
8:26 of 3rd period - Slapshot by Elias Lindholm.
8:26 of 3rd period - Shot Hit the Post.
8:40 of 3rd period - Slapshot by T.J. Oshie.
8:40 of 3rd period - Shot Blocked by Alex Pietrangelo.
8:59 of 3rd period - Snap shot by Jake Guentzel.
8:59 of 3rd period - Shot Misses the Net.
9:41 of 3rd period - Snap shot by Jonathan Drouin.
9:41 of 3rd period - Stopped by Scott Wedgewood with a rebound.
9:43 of 3rd period - Minor Penalty to Alex Tuch for Unsportsmanlike conduct.
9:44 of 3rd period - Ryan Johansen wins face-off versus Elias Lindholm in St.Louis Blues zone.
9:49 of 3rd period - Slapshot by Matthew Knies.
9:49 of 3rd period - Deflect By Jonathan Drouin.
9:49 of 3rd period - Shot Misses the Net.
9:49 of 3rd period - Puck is out of play.
9:50 of 3rd period - Ryan Johansen wins face-off versus Elias Lindholm in St.Louis Blues zone.
10:13 of 3rd period - Elias Lindholm is hit by Ryan Johansen and loses puck.
11:01 of 3rd period - Slapshot by Yegor Sharangovich.
11:01 of 3rd period - Shot Misses the Net.
11:43 of 3rd period - Penalty to Alex Tuch is over, Alex Tuch is back on ice.
12:34 of 3rd period - Off-side.
12:35 of 3rd period - Max Domi wins face-off versus Jack Eichel in neutral zone.
12:52 of 3rd period - Brayden Point is hit by Kevin Fiala.
13:32 of 3rd period - Off-side.
13:33 of 3rd period - Elias Lindholm wins face-off versus Noel Acciari in neutral zone.
13:44 of 3rd period - Slapshot by Ilya Mikheyev.
13:44 of 3rd period - Deflect By Eeli Tolvanen.
13:44 of 3rd period - Shot Misses the Net.
13:44 of 3rd period - Puck is out of play.
13:45 of 3rd period - Ryan Johansen wins face-off versus Jack Eichel in St.Louis Blues zone.
13:58 of 3rd period - Wrist shot by Jake Guentzel.
13:58 of 3rd period - Stopped by Stuart Skinner without a rebound.
13:59 of 3rd period - Jack Eichel wins face-off versus Adam Henrique in San Jose Sharks zone.
14:12 of 3rd period - Snap shot by Jack Eichel.
14:12 of 3rd period - Shot Misses the Net.
14:29 of 3rd period - Wrist shot by Brayden Point.
14:29 of 3rd period - Shot Blocked by Matthew Knies.
14:31 of 3rd period - Snap shot by Colton Parayko.
14:31 of 3rd period - Shot Misses the Net.
14:54 of 3rd period - Alex Pietrangelo is hit by T.J. Oshie and loses puck.
15:15 of 3rd period - Slapshot by Christopher Tanev.
15:15 of 3rd period - Stopped by Scott Wedgewood with a rebound.
16:54 of 3rd period - Slapshot by Eeli Tolvanen.
16:54 of 3rd period - Stopped by Scott Wedgewood with a rebound.
17:03 of 3rd period - Icing by Nick Leddy.
17:04 of 3rd period - Ryan Johansen wins face-off versus Robert Thomas in St.Louis Blues zone.
17:07 of 3rd period - Snap shot by Matthew Knies.
17:07 of 3rd period - Deflect By Jonathan Drouin.
17:07 of 3rd period - Shot Blocked by Mikhail Sergachev.
17:07 of 3rd period - Puck is out of play.
17:08 of 3rd period - Ryan Johansen wins face-off versus Robert Thomas in St.Louis Blues zone.
17:17 of 3rd period - Snap shot by Jonathan Drouin.
17:17 of 3rd period - Shot Blocked by Alex Pietrangelo.
17:19 of 3rd period - Wrist shot by Jonathan Drouin.
17:19 of 3rd period - Shot Blocked by Colton Parayko.
17:21 of 3rd period - Snap shot by Marcus Pettersson.
17:21 of 3rd period - Stopped by Scott Wedgewood without a rebound.
17:22 of 3rd period - Elias Lindholm wins face-off versus Max Domi in St.Louis Blues zone.
17:22 of 3rd period - Elias Lindholm is hit by T.J. Oshie.
17:25 of 3rd period - Minor Penalty to Alex Tuch for High sticking.
17:26 of 3rd period - Adam Henrique wins face-off versus Lars Eller in St.Louis Blues zone.
17:26 of 3rd period - Snap shot by Kevin Fiala.
17:26 of 3rd period - Goal by Kevin Fiala - San Jose Sharks : 3 - St.Louis Blues : 4.
17:27 of 3rd period - Elias Lindholm wins face-off versus Max Domi in neutral zone.
17:36 of 3rd period - Snap shot by Alex Tuch.
17:36 of 3rd period - Stopped by Stuart Skinner without a rebound.
17:37 of 3rd period - Max Domi wins face-off versus Elias Lindholm in San Jose Sharks zone.
18:22 of 3rd period - Wrist shot by Mark Stone.
18:22 of 3rd period - Shot Misses the Net.
18:24 of 3rd period - Slapshot by Jaccob Slavin.
18:24 of 3rd period - Stopped by Stuart Skinner with a rebound.
18:26 of 3rd period - Slapshot by Jake Sanderson.
18:26 of 3rd period - Shot Blocked by Brandon Tanev.
18:28 of 3rd period - Wrist shot by Alex Tuch.
18:28 of 3rd period - Shot Misses the Net.
18:30 of 3rd period - Slapshot by Jaccob Slavin.
18:30 of 3rd period - Deflect By Brandon Tanev.
18:30 of 3rd period - Stopped by Stuart Skinner with a rebound.
18:44 of 3rd period - Slapshot by Mark Stone.
18:44 of 3rd period - Shot Misses the Net.
18:46 of 3rd period - Slapshot by Alex Tuch.
18:46 of 3rd period - Goal by Alex Tuch - San Jose Sharks : 3 - St.Louis Blues : 5.
18:47 of 3rd period - Adam Henrique wins face-off versus Jack Eichel in neutral zone.
Goals for this period are 2 for San Jose Sharks vs 3 for St.Louis Blues.
Shots for this period are 11 for San Jose Sharks vs 12 for St.Louis Blues.
Back to the Top